 Dungeon Crawl Stone Soup version 0.29-a0-541-gaf1fc19f1b (webtiles) character file.

Game seed: 15341423423018414646

55 Hubjo the Firebug (level 3, 0/20 HPs)
             Began as a Deep Elf Fire Elementalist on June 2, 2022.
             Slain by a ball python (2 damage)
             ... on level 2 of the Dungeon.
             The game lasted 00:02:26 (2130 turns).

Hubjo the Firebug (Deep Elf Fire Elementalist)      Turns: 2130, Time: 00:02:27

Health: 0/20       AC:  2    Str:  4 (5)  XL:     3   Next: 67%
Magic:  3/10       EV:  9    Int: 21      God:
Gold:   47         SH:  0    Dex: 15      Spells: 8/9 levels left

rFire   . . .      SeeInvis .   (no weapon)
rCold   . . .      Faith    .   (no shield)
rNeg    . . .      Spirit   .   a - +0 robe
rPois   .          Reflect  .   (no helmet)
rElec   .          Harm     .   (no cloak)
rCorr   .          Rampage  .   (no gloves)
Will    .....                   (no boots)
Stlth   ++........              (no amulet)
HPRegen 0.06/turn               (no ring)
MPRegen 0.12/turn               (no ring)

@: lethally poisoned (0 -> -2), constricted
A: no striking features
a: no special abilities


You were on level 2 of the Dungeon.
You visited 1 branch of the dungeon, and saw 2 of its levels.

You collected 47 gold pieces.

Inventory:

Armour
 a - a +0 robe (worn)
Scrolls
 c - 2 scrolls of amnesia
Potions
 b - a potion of magic


   Skills:
 * Level 1.6 Fighting
 - Level 2.4 Dodging
 + Level 3.2 Stealth
 + Level 3.6 Spellcasting
 - Level 1.1 Conjurations
 + Level 3.7 Fire Magic


You had 8 spell levels left.
You knew the following spells:

 Your Spells              Type           Power      Damage    Failure   Level
a - Foxfire               Conj/Fire      52%        2x1d6     4%          1

Your spell library contained the following spells:

 Spells                   Type           Power      Damage    Failure   Level
 Scorch                   Fire           38%        2d6       4%          2
 Conjure Flame            Conj/Fire      13%        6-21      14%         3
 Inner Flame              Hex/Fire       11%        N/A       17%         3
 Flame Wave               Conj/Fire      13%        2d6       43%         4


Dungeon Overview and Level Annotations

Branches:
Dungeon (2/15)

Altars:
Xom


Message History

The adder is heavily wounded.
The foxfire hits the adder.
The adder is severely wounded.
The adder bites you.
You are poisoned.
The adder poisons you!
The ball python bites you but does no damage.
The ball python constricts you. The adder barely misses you.
The rat barely misses you.
Casting: Foxfire (safe; 4% risk of failure)
Confirm with . or Enter, or press ? or * to list all spells.
You conjure some foxfire!
You feel sick.
The foxfire hits the adder but does no damage.
The adder is severely wounded.
The ball python closely misses you. The ball python constricts you.
The adder barely misses you. The rat closely misses you.
Casting: Foxfire (safe; 4% risk of failure)
Confirm with . or Enter, or press ? or * to list all spells.
You conjure some foxfire!
You feel sick.
The foxfire hits the adder.
You kill the adder!
The ball python closely misses you. The ball python constricts you.
The foxfire hits the rat.
The rat is severely wounded.
The rat bites you. The ball python bites you.
* * * LOW HITPOINT WARNING * * *
The ball python constricts you.
Casting: Foxfire (safe; 4% risk of failure)
Confirm with . or Enter, or press ? or * to list all spells.
You conjure some foxfire!
You feel sick.
The foxfire hits the rat.
You kill the rat!
The ball python bites you.
* * * LOW HITPOINT WARNING * * *
The ball python constricts you.
* * * LOW HITPOINT WARNING * * *
Casting: Foxfire (safe; 4% risk of failure)
Confirm with . or Enter, or press ? or * to list all spells.
You conjure some foxfire!
* * * LOW HITPOINT WARNING * * *
You feel sick. The ball python bites you.
You die...

#######
.......
##....>#
#......#
#......#.
#........
#Sv......
###@v......
#.vv§...##.
#.###......
.. #.#
##.### ..
#.# # ##
#.. # ###
## .


You could see a ball python (ally target).

Vanquished Creatures
  2 adders (D:2)
  3 dart slugs (D:1)
  3 ball pythons (D:1)
  3 endoplasms
  A giant cockroach (D:1)
  2 hobgoblins (D:1)
  4 jackals (D:2)
  2 quokkas (D:1)
  2 bats (D:1)
  3 goblins (D:1)
  4 rats
29 creatures vanquished.

Vanquished Creatures (others)
  172 foxfires
172 creatures vanquished.

Grand Total: 201 creatures vanquished

Notes
Turn   | Place    | Note
-------+----------+-------------------------------------------
     0 | D:1      | Hubjo the Deep Elf Fire Elementalist began the quest for
                  | the Orb.
     0 | D:1      | Reached XP level 1. HP: 10/10 MP: 6/6
   545 | D:1      | Reached XP level 2. HP: 13/16 MP: 4/8
  1015 | D:1      | Reached skill level 1 in Fighting
  1036 | D:1      | Found a faded altar of an unknown god.
  1051 | D:1      | Prayed at the altar of an unknown god.
  1051 | D:1      | Became a worshipper of Xom the Random
  1052 | D:1      | Fell from the grace of Xom
  1345 | D:1      | XOM: stat loss: -2 Str (3/5)
  1520 | D:1      | Reached XP level 3. HP: 20/20 MP: 4/9
  2116 | D:2      | XOM: 7-stop teleportation journey
  2130 | D:2      | Slain by a ball python

Illustrated notes

Levels and vault maps discovered:
D:1:      scummos_arrival_simple_fountains, layout_basic, basic_ecumenical_altar
D:2:      layout_basic, serial_corexii_hall, chequers_hall_statues_wall_a,
          chequers_hall_statues_corner_a, uniq_robin, uniq_natasha

Skill      XL: |  1  2 |
---------------+-------+-----
Fighting       | 1 |  1.6
Stealth        | 3 |  3.2
Dodging        | |  2.4
Spellcasting   | |  3.6
Conjurations   | |  1.1
Fire Magic     | |  3.7

Action                   || total
-------------------------++-------
Melee: Unarmed           ||    47
 Cast: Foxfire           ||   109
Invok: Renounce Religion ||     1
  Use: Potion            ||     5
       Scroll            ||     3
Armor: Robe              ||    19
Dodge: Dodged            ||    90

Table legend: (Time is in decaauts)
 A = Elapsed time spent in this place.
 B = Non-inter-level travel time spent in this place.
 C = Inter-level travel time spent in this place.
 D = Time resting spent in this place.
 E = Time spent auto-exploring this place.
 F = Levels seen in this place.
 G = Mean time per level.
                   A        B        C        D        E       F      G
               +--------+--------+--------+--------+--------+-----+--------+
         Total |   2129 |   2129 |      0 |      0 |   1861 |   2 | 1064.5 |
       Dungeon |   2129 |   2129 |      0 |      0 |   1861 |   2 | 1064.5 |
               +--------+--------+--------+--------+--------+-----+--------+

Top non-repeatable levels by time:
     D:1: 1896 daAuts
     D:2: 233 daAuts
